 Dungeon Crawl Stone Soup version 0.20-a0-871-g785f14b (webtiles) character file.

285 JeffiDaFish the Digger (level 6, 0/35 HPs)
             Began as a Gargoyle Earth Elementalist on Mar 14, 2017.
             Was a Follower of Okawaru.
             Slain by moarrgan's ghost (5 damage)
             ... on level 4 of the Dungeon.
             The game lasted 00:12:39 (3305 turns).

JeffiDaFish the Digger (GrEE)                       Turns: 3305, Time: 00:12:40

Health: 0/35       AC:  8    Str: 11    XL:     6   Next: 29%
Magic:  0/10       EV: 11    Int: 16    God:    Okawaru [*.....]
Gold:   204        SH:  4    Dex: 12    Spells: 3/11 levels left

rFire    . . .     SeeInvis .   l - +0 spear
rCold    . . .     Gourm    .   o - +0 leather armour
rNeg     + . .     Faith    .   f - +0 buckler
rPois    ∞         Spirit   .   (no helmet)
rElec    +         Reflect  .   (no cloak)
rCorr    .         Harm     .   (no gloves)
MR       .....                  k - +0 pair of boots
Stlth    ++........             (no amulet)
Regen    0.2/turn               (no ring)
MPRegen  0.2/turn               (no ring)

@: very slightly contaminated
A: negative energy resistance 1, electricity resistance, unbreathing,
petrification resistance, rot immunity, AC +4
a: Heroism, Renounce Religion


You were on level 4 of the Dungeon.
You worshipped Okawaru.
Okawaru was aware of your devotion.
You were not hungry.

You visited 1 branch of the dungeon, and saw 4 of its levels.

You collected 204 gold pieces.

Inventory:

Hand Weapons
 l - a +0 spear (weapon)
Missiles
 b - 59 stones (quivered)
Armour
 f - a +0 buckler (worn)
 k - a +0 pair of boots (worn)
 o - a +0 leather armour (worn)
Scrolls
 a - a scroll of recharging
 g - 3 scrolls of identify
 p - 2 scrolls of remove curse
Potions
 c - 2 potions of heal wounds
 n - a potion of brilliance
Books
 e - a book of Geomancy

   Spells                             Type                      Level
   a - Sandblast                      Earth                        1
   b - Passwall                       Transmutation/Earth          2
   c - Stone Arrow                    Conjuration/Earth            3
   d - Petrify                        Transmutation/Earth          4
   e - Lee's Rapid Deconstruction     Earth                        5
Comestibles
 d - 3 bread rations
 h - 3 royal jellies
 j - a meat ration
 m - 3 fruits


   Skills:
 + Level 1.8 Fighting
   Level 0.3 Short Blades
 - Level 1.7 Dodging
 - Level 2.2 Stealth
 * Level 3.3 Shields
 - Level 0.2 Unarmed Combat
 * Level 3.0 Spellcasting
 + Level 1.3 Conjurations
 + Level 1.1 Transmutations
 * Level 5.1 Earth Magic


You had 3 spell levels left.
You knew the following spells:

 Your Spells              Type           Power        Failure   Level  Hunger
a - Sandblast             Erth           ###...       4%          1    #......
b - Stone Arrow           Conj/Erth      ##....       21%         3    ###....
c - Petrify               Tmut/Erth      ##......     83%         4    #####..


Dungeon Overview and Level Annotations

Branches:
Dungeon (4/15)
 Temple: D:4-7

Altars:
Okawaru
Yredelemnul

Annotations:
D:4 moarrgan's ghost, amateur MfBe


Innate Abilities, Weirdness & Mutations

You are resistant to torment.
Your stone body is resilient. (AC +4)
You are immune to poison.
You resist negative energy. (rN+)
You are resistant to electric shocks. (rElec)
You can survive without breathing.
You are immune to petrification.
You are immune to rotting.


Message History

Moarrgan's ghost is lightly damaged.
Moarrgan's ghost misses you.
You hit moarrgan's ghost but do no damage.
Moarrgan's ghost is lightly damaged.
Moarrgan's ghost hits you!
* * * LOW HITPOINT WARNING * * *
You hit moarrgan's ghost but do no damage.
Moarrgan's ghost is lightly damaged.
Moarrgan's ghost hits you.
* * * LOW HITPOINT WARNING * * *
Casting: Sandblast
Confirm with . or Enter, or press ? or * to list all spells.
Aiming: Sandblast
Press: ? - help, Shift-Dir - straight line, f/p - moarrgan's ghost
Aim: moarrgan's ghost (lightly damaged)
The blast of sand hits moarrgan's ghost.
Moarrgan's ghost is lightly damaged.
b - 59 stones Moarrgan's ghost hits you.
You die...

##.......## #.........##
##..........# .
#...........# ..
##...........# ...
#..<.........# ....
##............#####.....
#.............##........
#..............†@.......
...............W###.....
..............### ...
..............# .
............###
..........###
.........## #........#


You could see moarrgan's ghost.

Vanquished Creatures
  A hound (D:4)
  An orc priest (D:3)
  Jessica (D:2)
  10 adders
  2 oozes
  A dart slug (D:3)
  2 worms (D:3)
  A leopard gecko (D:1)
  9 orcs (D:3)
  A ball python (D:3)
  8 giant cockroaches
  7 goblins
  10 hobgoblins
  2 jackals (D:2)
  2 quokkas
  5 bats
  5 frilled lizards
  11 kobolds
  15 rats
94 creatures vanquished.

Notes
Turn   | Place    | Note
-------+----------+-------------------------------------------
     0 | D:1      | JeffiDaFish the Gargoyle Earth Elementalist began the quest for the Orb.
     0 | D:1      | Reached XP level 1. HP: 10/10 MP: 3/3
   143 | D:1      | Reached skill level 4 in Earth Magic
   318 | D:1      | Reached XP level 2. HP: 15/15 MP: 3/5
   809 | D:1      | Reached XP level 3. HP: 19/19 MP: 1/6
   828 | D:1      | Learned a level 3 spell: Stone Arrow
  1227 | D:2      | Noticed Jessica
  1235 | D:2      | Killed Jessica
  1235 | D:2      | Reached skill level 1 in Shields
  1235 | D:2      | Reached XP level 4. HP: 23/24 MP: 1/7
  1314 | D:2      | Found an iron altar of Okawaru.
  1325 | D:2      | Became a worshipper of Warmaster Okawaru
  1526 | D:2      | Reached skill level 1 in Conjurations
  1569 | D:2      | Reached skill level 1 in Fighting
  1921 | D:2      | Reached XP level 5. HP: 29/29 MP: 6/8
  1974 | D:2      | Learned a level 4 spell: Petrify
  2727 | D:3      | Found a basalt altar of Yredelemnul.
  2914 | D:3      | Reached skill level 1 in Transmutations
  2914 | D:3      | Reached skill level 5 in Earth Magic
  2914 | D:3      | Reached XP level 6. HP: 32/35 MP: 6/10
  2918 | D:3      | Found a glowing drain.
  2933 | D:3      | Reached * piety under Okawaru
  3271 | D:4      | Noticed moarrgan's ghost (amateur MfBe)
  3305 | D:4      | Slain by moarrgan's ghost

Vault maps used:
D:1:      dpeg_arrival_water_temple_mockup, grunt_decor_one_mirror
D:2:      kennysheep_okawaru_gauntlet, uniq_jessica
D:3:      nicolae_overflow_crystal_walls, portal_sewer_entry_d
D:4:      old_standard_altar, uniq_menkaure, uniq_robin

Skill      XL: |  1  2  3  4  5  6 |
---------------+-------------------+-----
Earth Magic    | 4 5 |  5.1
Shields        | 1 2 3 |  3.3
Conjurations   | 1 |  1.3
Fighting       | 1 |  1.8
Transmutations | 1 |  1.1
Spellcasting   | 3 |  3.0
Short Blades   | |  0.3
Dodging        | |  1.7
Stealth        | |  2.2
Unarmed Combat | |  0.2

Action                   |  1- 3 |  4- 6 || total
-------------------------+-------+-------++-------
Melee: Short sword       |    67 |    12 ||    79
       Unarmed           |     8 |       ||     8
       Spear             |       |   275 ||   275
 Cast: Sandblast         |    27 |    21 ||    48
       Stone Arrow       |       |     5 ||     5
  Use: Potion            |     4 |     6 ||    10
       Scroll            |     1 |     5 ||     6
 Stab: Sleeping          |     2 |     5 ||     7
       Distracted        |       |     2 ||     2
  Eat: Chunk             |     1 |     9 ||    10
Armor: Robe              |    22 |    62 ||    84
       Leather armour    |       |    56 ||    56
Dodge: Dodged            |    48 |   190 ||   238
Block: Buckler           |     9 |    55 ||    64
